 Dungeon Crawl Stone Soup version 0.23.1-37-gaa34b87b72 (webtiles) character file.

Game seed: 13854673052624991298

266 GGGomer the Chopper (level 6, -9/53 HPs)
             Began as a Hill Orc Fighter on Mar 21, 2019.
             Mangled by a mummy (14 damage)
             ... in an ossuary.
             The game lasted 00:06:50 (2974 turns).

GGGomer the Chopper (Hill Orc Fighter)              Turns: 2974, Time: 00:06:51

Health: -9/53      AC:  7    Str: 21    XL:     6   Next: 20%
Magic:  6/6        EV:  8    Int:  8    God:
Gold:   228        SH: 10    Dex: 10    Spells: 5/5 levels left

rFire    . . .     SeeInvis .   a - +0 war axe
rCold    . . .     Gourm    .   c - +0 shield
rNeg     . . .     Faith    .   b - +0 scale mail
rPois    .         Spirit   .   (no helmet)
rElec    .         Reflect  .   (no cloak)
rCorr    .         Harm     .   (no gloves)
MR       .....                  (no boots)
Stlth    ..........             (no amulet)
HPRegen  0.17/turn              (no ring)
MPRegen  0.10/turn              (no ring)

@: no status effects
A: no striking features
a: no special abilities


You were in an ossuary.
You were not hungry.

You visited 1 branch of the dungeon, and saw 4 of its levels.
You also visited: Ossuary.

You collected 228 gold pieces.

Inventory:

Hand Weapons
 a - a +0 war axe (weapon)
Missiles
 i - a stone (quivered)
 o - 8 tomahawks
 s - 25 arrows
 v - 2 poisoned javelins
Armour
 b - a +0 scale mail (worn)
 c - a +0 shield (worn)
Jewellery
 l - an uncursed amulet of regeneration {unknown}
Scrolls
 h - 3 scrolls of identify {unknown}
 j - 2 scrolls of noise {unknown}
 k - 2 scrolls of immolation {unknown}
 m - 2 scrolls of teleportation {unknown}
 n - a scroll of magic mapping {unknown}
Potions
 d - a potion of might
 e - a potion of haste {unknown}
 g - a potion of flight {unknown}
 p - a potion of cancellation {unknown}
 q - a potion of curing {unknown}
 r - a potion of magic {unknown}
 t - a potion of mutation {unknown}
 u - a potion of brilliance {unknown}
Comestibles
 f - a ration
 w - 2 chunks of flesh


   Skills:
 + Level 4.5 Fighting
 + Level 5.3 Axes
 + Level 4.1 Armour
 + Level 0.5 Dodging
 + Level 5.1 Shields


You had 5 spell levels left.
You didn't know any spells.
Your spell library was empty.

Dungeon Overview and Level Annotations

Branches:
Dungeon (4/15)
 Temple: D:4-7

Altars:
Ru
Zin


Message History

You slash the mummy!
You destroy the mummy!
You block the mummy's attack. The mummy hits you but does no damage.
You see here a stone.
The mummy hits you.
* * * LOW HITPOINT WARNING * * *
You see here a stone.
You block the mummy's attack. The mummy barely misses you.
You slash the mummy!
The mummy is moderately damaged.
You hit the mummy. The mummy hits you but does no damage.
You slash the mummy!
The mummy is almost destroyed.
You hit the mummy but do no damage. The mummy barely misses you.
You hit the mummy but do no damage.
The mummy is almost destroyed.
You hit the mummy but do no damage. The mummy hits you.
* * * LOW HITPOINT WARNING * * *
The mummy hits you!
You die...

..................
#................#
#..............#
#........#
#......# ##....##
#(...# #...(#
#...@# #..MM#
#....# #....#
#....# #.∩∩.#
######


You could see 2 mummies.

Vanquished Creatures
  A hound (D:4)
  4 mummies (Ossuary)
  5 adders
  4 gnolls (D:2)
  A worm (D:2)
  3 dart slugs
  4 leopard geckos
  7 orcs (D:3)
  3 giant cockroaches
  A gnoll zombie (Ossuary)
  10 goblins
  10 hobgoblins
  3 jackals (D:3)
  A quokka (D:2)
  A ball python (D:1)
  6 bats
  5 frilled lizards
  A hobgoblin zombie (Ossuary)
  5 kobolds
  3 kobold zombies (Ossuary)
  3 orc zombies (Ossuary)
  8 rats
89 creatures vanquished.

Notes
Turn   | Place    | Note
-------+----------+-------------------------------------------
     0 | D:1      | GGGomer the Hill Orc Fighter began the quest for the Orb.
     0 | D:1      | Reached XP level 1. HP: 19/19 MP: 1/1
   172 | D:1      | Reached XP level 2. HP: 25/27 MP: 2/2
   368 | D:1      | Reached XP level 3. HP: 33/33 MP: 3/3
   685 | D:2      | Reached XP level 4. HP: 26/40 MP: 4/4
  1303 | D:2      | Found a glowing silver altar of Zin.
  1442 | D:2      | Reached XP level 5. HP: 37/46 MP: 5/5
  2402 | D:3      | Found a sacrificial altar of Ru.
  2879 | D:4      | Reached skill level 5 in Axes
  2888 | D:4      | Found a sand-covered staircase.
  2900 | Ossuary  | Entered an ossuary
  2918 | Ossuary  | Reached XP level 6. HP: 53/53 MP: 6/6
  2925 | Ossuary  | Reached skill level 5 in Shields
  2974 | Ossuary  | Mangled by a mummy

Skill      XL: |  1  2  3  4  5  6 |
---------------+-------------------+-----
Axes           | 3 4 5 |  5.3
Shields        | 4 5 |  5.1
Fighting       | 4 |  4.5
Armour         | 4 |  4.1
Dodging        | |  0.5

Action                   |  1- 3 |  4- 6 || total
-------------------------+-------+-------++-------
Melee: War axe           |    79 |   230 ||   309
Throw: Stone             |       |     4 ||     4
  Eat: Ration            |       |     2 ||     2
       Chunk             |       |     2 ||     2
Armor: Scale mail        |    36 |   131 ||   167
Dodge: Dodged            |    24 |   112 ||   136
Block: Shield            |    44 |   181 ||   225
